 Dungeon Crawl Stone Soup version 0.24-a0-123-ga2403f3 (console) character file.

Game seed: 6636548163057047275

4944 Duffy the Thaumaturge (level 10, 0/75 HPs)
             Began as a Naga Fire Elementalist on Feb 22, 2019.
             Was a Priest of Vehumet.
             Engulfed by a cloud of flame (9 damage)
             ... on level 9 of the Dungeon.
             The game lasted 00:12:59 (9743 turns).

Duffy the Thaumaturge (Naga Fire Elementalist)      Turns: 9743, Time: 00:12:59

Health: 0/75       AC: 11    Str: 10    XL:     10   Next: 52%
Magic:  21/23      EV: 18    Int: 19    God:    Vehumet [***...]
Gold:   570        SH:  0    Dex: 17    Spells: 14/27 levels left

rFire    + + .     SeeInvis +   f - +1 short sword (venom)
rCold    + . .     Gourm    .   (no shield)
rNeg     . . .     Faith    .   s - +3 leather armour of the Rose {rElec rF+ Regen+}
rPois    +         Spirit   .   F - +0 helmet
rElec    +         Reflect  .   (no cloak)
rCorr    +         Harm     .   k - +2 pair of gloves
MR       ++...                  (no barding)
Stlth    +++.......             (no amulet)
HPRegen  0.62/turn              G - ring of protection from magic
MPRegen  0.18/turn              D - +4 ring of evasion

@: agile, resistant, very slow
A: large, see invisible, deformed body, poison resistance, slowness 2, slow
metabolism 1, spit poison 1, AC +3
a: Spit Poison, Renounce Religion


You were on level 9 of the Dungeon.
You worshipped Vehumet.
Vehumet was most pleased with you.
You were not hungry.

You visited 1 branch of the dungeon, and saw 9 of its levels.
You also visited: Bailey.

You collected 628 gold pieces.
You spent 58 gold pieces at shops.

Inventory:

Hand Weapons
 f - a +1 short sword of venom (weapon)
Armour
 k - a +2 pair of gloves (worn)
 s - the +3 leather armour of the Rose (worn) {rElec rF+ Regen+}
   (You found it on level 5 of the Dungeon)

   It protects you from fire.
   It insulates you from electricity.
   It increases your rate of regeneration.
 F - a +0 helmet (worn)
Jewellery
 q - an uncursed ring of positive energy
 D - a +4 ring of evasion (right hand)
 G - a ring of protection from magic (left hand)
Wands
 r - a wand of acid (8)
 z - a wand of iceblast (3)
Scrolls
 b - a scroll of fog {unknown}
 e - 3 scrolls of teleportation
 h - 2 scrolls of remove curse
 n - 2 scrolls of amnesia
 t - a scroll of magic mapping {unknown}
 u - 2 scrolls of enchant armour
 v - a scroll of enchant weapon {unknown}
 x - 2 scrolls of noise {unknown}
 y - a scroll of vulnerability {unknown}
 B - a scroll of immolation
 E - 2 scrolls of blinking
Potions
 d - 5 potions of curing
 g - a potion of heal wounds {unknown}
 i - a potion of magic {unknown}
 j - a potion of haste {unknown}
 l - a potion of flight {unknown}
 m - 2 potions of ambrosia
 p - a potion of cancellation
 w - a potion of degeneration {unknown}
 A - a potion of might
Comestibles
 c - 19 rations
 C - 3 chunks of flesh


   Skills:
 - Level 1.5 Dodging
 - Level 3.0 Stealth
 + Level 9.0 Spellcasting
 - Level 7.5 Conjurations
 - Level 7.5 Fire Magic
 - Level 6.0 Evocations


You had 14 spell levels left.
You knew the following spells:

 Your Spells              Type           Power        Failure   Level  Hunger
h - Flame Tongue          Conj/Fire      #####        1%          1    None
j - Sticky Flame          Conj/Fire      #####...     1%          4    ###....
k - Fireball              Conj/Fire      #####.....   4%          5    #####..
l - Conjure Flame         Conj/Fire      #####...     1%          3    None

Your spell library contained the following spells:

 Spells                   Type           Power        Failure   Level  Hunger
 Searing Ray              Conj           #####.       1%          2    None
 Shock                    Conj/Air       ###.         1%          1    None
 Throw Flame              Conj/Fire      #####.       1%          2    None
 Inner Flame              Hex/Fire       ###.....     1%          3    None
 Static Discharge         Conj/Air       ###.....     1%          3    None
 Swiftness                Chrm/Air       #.......     17%         2    None
 Lightning Bolt           Conj/Air       ###.......   17%         5    #####..
 Airstrike                Air            #.........   28%         4    ###....


Dungeon Overview and Level Annotations

Branches:
Dungeon (9/15)             Temple (0/1) D:4             Orc (0/2) D:9
   Lair: D:8-11

Altars:
Cheibriados
Elyvilon
Hepliaklqana
Okawaru
Sif Muna
Trog
Uskayaw
Vehumet

Shops:
D:9 [

Annotations:
D:5 1 runed translucent door


Innate Abilities, Weirdness & Mutations

You cannot wear boots.
Your serpentine skin is tough. (AC +3)
You have supernaturally acute eyesight. (SInv)
Armour fits poorly on your strangely shaped body.
Your system is resistant to poisons. (rPois)
You cover ground very slowly.
You have a slow metabolism.
You can spit poison.


Message History

You hit the yak.
The yak is poisoned.
The yak is severely wounded.
The yak is engulfed in blazing flames.
The yak completely misses you.
You hit the yak but do no damage.
The yak looks as sick as possible!
The yak is almost dead.
The orc wizard mumbles some strange words.
The orc wizard flickers and vanishes for a moment.
The yak is engulfed in blazing flames.
You kill the yak!
Vehumet accepts your kill.
You feel your power returning.
Your Spellcasting skill increases to level 9!
Really slither into that cloud of flame?
You are engulfed in blazing flames.
You resist.
The orc wizard mumbles some strange words.
The orc wizard blinks!
You are engulfed in blazing flames.
You resist.
You are engulfed in blazing flames.
You resist.
You are engulfed in blazing flames.
You resist.
You die...

......7..#
#####.##.###
#......#######
####..........
#...###### #...####
### #..>...#####
..#######.........#
#.........###.###@#
#..######## #.# #0#
.. #..# #.#
#h#####.## #..# #.#
#o#....... #..# #.#
#o#....o.. ...# #.#
#o#....... ##.# #.#
#o#o...o.. #.# #.#
#o#.....o. #.#
#o.o..o...


You could see 2 orc warriors, an orc priest, 2 orc wizards and a jackal.

Vanquished Creatures
  A two-headed ogre (D:8)
  Pikel (D:5)
  The ghost of Wired the Skirmisher, a novice OpWn of Xom (D:5)
  3 yaks (D:9)
  A steam dragon (D:8)
  A sky beast (D:8)
  An ice beast (D:8)
  10 orc warriors
  4 ogres
  4 slaves
  A phantom (D:8)
  2 centaurs
  A crocodile (D:9)
  5 bullfrogs
  A scorpion (D:8)
  2 crimson imps
  A hound (D:7)
  A jelly (D:6)
  3 orc priests
  2 centaur skeletons
  2 iguanas
  5 orc wizards
  5 worker ants
  2 hound skeletons
  A worker ant zombie (D:2)
  8 adders
  3 gnolls (D:7)
  A river rat (D:5)
  5 worms
  A dart slug (D:1)
  4 leopard geckos
  41 orcs
  A ball python (D:3)
  10 bats
  3 giant cockroaches
  9 hobgoblins
  28 jackals
  8 kobolds
  3 quokkas
  3 frilled lizards
  A giant cockroach zombie (D:6)
  8 goblins
  A leopard gecko zombie (D:4)
  5 rats
204 creatures vanquished.

Vanquished Creatures (others)
  An adder skeleton (D:9)
  A jackal (D:9)
2 creatures vanquished.

Grand Total: 206 creatures vanquished

Notes
Turn   | Place    | Note
-------+----------+-------------------------------------------
     0 | D:1      | Duffy the Naga Fire Elementalist began the quest for the
                  | Orb.
     0 | D:1      | Reached XP level 1. HP: 15/15 MP: 3/3
   179 | D:1      | Reached XP level 2. HP: 16/22 MP: 1/5
   733 | D:1      | Reached XP level 3. HP: 24/28 MP: 2/6
   738 | D:1      | Learned a level 3 spell: Conjure Flame
  1394 | D:2      | Reached XP level 4. HP: 28/36 MP: 4/7
  1798 | D:2      | Found a radiant altar of Vehumet.
  1805 | D:2      | Became a worshipper of Vehumet
  2367 | D:2      | Found a white marble altar of Elyvilon.
  2740 | D:3      | Reached XP level 5. HP: 28/42 MP: 6/9
  2765 | D:3      | Learned a level 4 spell: Sticky Flame
  3069 | D:3      | Found a hide-covered altar of Uskayaw.
  3572 | D:4      | Reached * piety under Vehumet
  3572 | D:4      | Offered knowledge of Shock by Vehumet.
  3625 | D:4      | Reached skill level 3 in Spellcasting
  3733 | D:4      | You fall through a shaft!
  3733 | D:5      | Entered Level 5 of the Dungeon
  3841 | D:5      | Reached XP level 6. HP: 30/49 MP: 10/10
  4398 | D:4      | Found a staircase to the Ecumenical Temple.
  4907 | D:5      | Found a runed translucent door.
  4981 | D:5      | Got a scorched leather armour
  4992 | D:5      | Identified the +3 leather armour of the Rose {rElec rF+
                  | Regen+} (You found it on level 5 of the Dungeon)
  5008 | D:5      | Noticed Wired's ghost (novice OpWn)
  5072 | D:5      | Found a runed translucent door.
  5076 | D:5      | Killed Wired's ghost
  5076 | D:5      | Reached skill level 4 in Spellcasting
  5076 | D:5      | Reached skill level 5 in Conjurations
  5076 | D:5      | Reached skill level 5 in Fire Magic
  5076 | D:5      | Reached XP level 7. HP: 46/55 MP: 7/13
  5650 | D:6      | Learned a level 5 spell: Fireball
  5714 | D:6      | Noticed Pikel
  5833 | D:5      | Killed Pikel
  5833 | D:5      | Reached skill level 5 in Spellcasting
  5833 | D:5      | Reached XP level 8. HP: 47/62 MP: 8/16
  6083 | D:6      | Found a bloodstained altar of Trog.
  6143 | D:6      | Found a deep blue altar of Sif Muna.
  6310 | D:6      | Found a bloodstained altar of Trog.
  6310 | D:6      | Found an iron altar of Okawaru.
  6311 | D:6      | Found a hazy altar of Hepliaklqana.
  6625 | D:7      | Found a flagged portal.
  6629 | D:7      | Reached ** piety under Vehumet
  6629 | D:7      | Offered knowledge of Sandblast by Vehumet.
  6638 | Bailey   | Entered a bailey
  6824 | Bailey   | Reached skill level 6 in Spellcasting
  6824 | Bailey   | Reached XP level 9. HP: 17/68 MP: 6/18
  8196 | D:7      | Reached skill level 1 in Evocations
  8242 | D:7      | Found a snail-covered altar of Cheibriados.
  8752 | D:8      | Reached skill level 7 in Spellcasting
  8876 | D:8      | Noticed a two-headed ogre
  8884 | D:8      | Killed a two-headed ogre
  8884 | D:8      | Offered knowledge of Searing Ray by Vehumet.
  8884 | D:8      | Reached skill level 8 in Spellcasting
  8884 | D:8      | Reached XP level 10. HP: 31/75 MP: 15/22
  9118 | D:8      | Reached skill level 5 in Evocations
  9559 | D:9      | Reached *** piety under Vehumet
  9602 | D:9      | Found Soery's Armour Shop.
  9608 | D:9      | Bought a +0 helmet for 58 gold pieces
  9712 | D:9      | Found a staircase to the Orcish Mines.
  9713 | D:9      | Noticed a two-headed ogre
  9734 | D:9      | Reached skill level 9 in Spellcasting
  9743 | D:9      | Engulfed by a cloud of flame

Levels and vault maps discovered:
D:1:      evilmike_arrival_plus, layout_loops_ring, hangedman_feature_mirror,
          minmay_split_cup_small
D:2:      layout_loops_ring, vehumet_crystals, elyvilon_altar_5, first_ration
D:3:      layout_basic, lemuel_tele_altar
D:4:      layout_basic, minmay_temple_entry_statues_pillars
D:5:      layout_loops_cross, ebering_ghost_sewer_f
D:6:      layout_cave_pools, lemuel_blue_sif_altar,
          gammafunk_temple_overflow_claw, trog_book, uniq_pikel
D:7:      layout_layer_cave, kennysheep_mini_moat, enter_bailey_8
D:8:      layout_basic
D:9:      layout_loops_ring, xom_confusion_cloud,
          chequers_temple_overflow_statue_of_worship, david_orc_3, serial_shops,
          nicolae_shop_behind_doors, nicolae_shop_waterfront, shop_fountains,
          nicolae_shop_trees
Bailey:   bailey_polearm_1, bailey

Skill      XL: |  1  2  3  4  5  6  7  8  9 10 |
---------------+-------------------------------+-----
Conjurations   | 2 3 4 5 6 7 |  7.5
Spellcasting   | 3 4 5 6 8 9 |  9.0
Fire Magic     | 4 5 6 7 |  7.5
Evocations     | 4 6 |  6.0
Dodging        | |  1.5
Stealth        | |  3.0

Action                   |  1- 3 |  4- 6 |  7- 9 | 10-12 || total
-------------------------+-------+-------+-------+-------++-------
Melee: Short sword       |     8 |   192 |   179 |    73 ||   452
 Cast: Flame Tongue      |    46 |    35 |    57 |    17 ||   155
       Sticky Flame      |       |     1 |    16 |     8 ||    25
       Conjure Flame     |       |     1 |     2 |     3 ||     6
       Fireball          |       |       |     8 |       ||     8
 Abil: Spit Poison       |     9 |     1 |     3 |       ||    13
Evoke: Wand              |       |       |     4 |     3 ||     7
  Use: Scroll            |       |     4 |     8 |     3 ||    15
       Potion            |       |       |       |     2 ||     2
 Stab: Sleeping          |     2 |     7 |     7 |     1 ||    17
       Distracted        |       |     1 |     1 |       ||     2
  Eat: Chunk             |     2 |     9 |    13 |     3 ||    27
       Ration            |       |       |     1 |       ||     1
Armor: Robe              |     7 |    52 |       |       ||    59
       Leather armour    |       |    17 |    81 |    35 ||   133
Dodge: Dodged            |    36 |   124 |   158 |    70 ||   388

Table legend:
 A = Non-vault XP
 B = Vault XP
 C = Vault XP percentage of total XP
 D = Non-vault monster count
 E = Vault monster count
 F = Vault count percentage of total count
                 A         B        C        D         E       F
            +---------+---------+-------+---------+---------+-------
      Total |    4688 |    2375 |  33.6 |     167 |      33 |  16.5
            +---------+---------+-------+---------+---------+-------
        D:1 |      44 |       8 |  15.4 |      24 |       5 |  17.2
        D:2 |      82 |       0 |   0.0 |      27 |       0 |   0.0
        D:3 |      71 |       0 |   0.0 |      15 |       0 |   0.0
        D:4 |     175 |       0 |   0.0 |      19 |       0 |   0.0
        D:5 |     114 |    1150 |  91.0 |      16 |       7 |  30.4
        D:6 |     616 |       0 |   0.0 |      13 |       0 |   0.0
        D:7 |     371 |       0 |   0.0 |      18 |       0 |   0.0
        D:8 |    2480 |       0 |   0.0 |      24 |       0 |   0.0
        D:9 |     735 |     133 |  15.3 |      11 |       2 |  15.4
     Bailey |       0 |    1084 | 100.0 |       0 |      19 | 100.0
            +---------+---------+-------+---------+---------+-------
